 Dungeon Crawl Stone Soup version 0.21.1-1-g345015f (webtiles) character file.

1254 t7DKbSm the Chopper (level 8, -4/69 HPs)
             Began as a Minotaur Fighter on May 4, 2018.
             Slain by an ogre
             ... wielding a cursed +0 giant spiked club
              (20 damage)
             ... on level 5 of the Dungeon.
             The game lasted 00:13:33 (3216 turns).

t7DKbSm the Chopper (Minotaur Fighter)              Turns: 3216, Time: 00:13:33

Health: -4/69      AC:  8    Str: 21    XL:     8   Next: 26%
Magic:  7/7        EV:  9    Int:  5    God:
Gold:   170        SH: 10    Dex: 12    Spells: 7/7 levels left

rFire    . . .     SeeInvis .   x - +0 broad axe
rCold    . . .     Gourm    .   c - +0 shield
rNeg     . . .     Faith    .   b - +0 scale mail
rPois    .         Spirit   .   (helmet restricted)
rElec    .         Reflect  .   (no cloak)
rCorr    +         Harm     .   y - +0 pair of gloves
MR       +....                  (no boots)
Stlth    ..........             (no amulet)
HPRegen  0.21/turn              j - ring of resist corrosion
MPRegen  0.10/turn              A - ring of protection from magic

@: no status effects
A: retaliatory headbutt, horns 2
a: no special abilities


You were on level 5 of the Dungeon.
You were not hungry.

You visited 1 branch of the dungeon, and saw 5 of its levels.

You collected 170 gold pieces.

Inventory:

Hand Weapons
 a - a +0 war axe
 h - a cursed -3 hunting sling
 t - a +1 flail of crushing
 u - a +2 whip of freezing
 w - a +3 hand axe
 x - a +0 broad axe (weapon)
Missiles
 n - 40 poisoned needles
Armour
 b - a +0 scale mail (worn)
 c - a +0 shield (worn)
 y - a +0 pair of gloves (worn)
Jewellery
 j - a ring of resist corrosion (left hand)
 A - a ring of protection from magic (right hand)
Wands
 p - a wand of flame (39)
Scrolls
 e - a scroll of remove curse
 l - 2 scrolls of identify {unknown}
 o - 2 scrolls of fear {unknown}
 s - a scroll of blinking {unknown}
 z - a scroll of enchant armour {unknown}
 C - a scroll of teleportation {unknown}
 D - a scroll of magic mapping {unknown}
 E - a scroll of enchant weapon {unknown}
 F - a scroll of fog {unknown}
Potions
 d - 2 potions of might
 g - 2 potions of ambrosia {unknown}
 i - 3 potions of curing {unknown}
 k - a potion of resistance {unknown}
 m - a potion of haste {unknown}
 q - a potion of lignification {unknown}
 r - a potion of berserk rage {unknown}
 v - a potion of agility {unknown}
 B - 3 potions of degeneration {unknown}
Comestibles
 f - 8 rations


   Skills:
 + Level 5.4 Fighting
 + Level 7.2(7.5) Axes
 + Level 3.2(5.6) Maces & Flails
 + Level 6.1 Armour
 + Level 2.6 Dodging
 + Level 1.0 Stealth
 + Level 6.4 Shields


You had 7 spell levels left.
You didn't know any spells.

Dungeon Overview and Level Annotations

Branches:
Dungeon (5/15)
 Temple: D:4-7

Altars:
Ru


Innate Abilities, Weirdness & Mutations

You reflexively headbutt those who attack you in melee.
You have a pair of horns on your head.


Message History

You hit the ogre. You block the sky beast's attack.
The ogre hits you with a giant spiked club!
You hit the sky beast.
You headbutt the sky beast, but do no damage.
The sky beast is severely wounded.
You hit the ogre. You block the sky beast's attack. The sky beast misses you.
The ogre barely misses you.
Your shield and scale mail prevent you from hitting the sky beast.
You headbutt the sky beast, but do no damage.
The sky beast is severely wounded.
You hit the ogre. You block the sky beast's attack.
The ogre hits you with a giant spiked club!
Your shield and scale mail prevent you from hitting the sky beast.
You headbutt the sky beast.
The sky beast is severely wounded.
You hit the ogre but do no damage. The sky beast hits you.
The sky beast shocks you.
* * * LOW HITPOINT WARNING * * *
The ogre hits you with a giant spiked club!!
You die...

#.##.##.### #.###.##.####
#>##.##.# ..#........# #.##.##.#
.######.##.#### #.......#
)######.##..... ###...###
#.##..).....#### ##.....## ###
#.##.###.##.# #.......##
##.###.##.# #.##.##
.........####....O....###.#...###
.........'......@................
.........####....#Y##[###.#...###
#.......## ##.#.#.##.###.##.##
##.....## ###...##.........#
##...## #.####.........# ##+# #.#
#.###.###.# #.# #.####.# #.# #.#
####.# #......# #.# #.# ...#.##
#.####.# #.# #.#


You could see a sky beast and an ogre.

Vanquished Creatures
  Pikel (D:4)
  Edmund (D:4)
  The ghost of Iko the Vandal, an amateur DDHu of Sif Muna (D:5)
  2 ogres
  2 scorpions (D:5)
  A centaur skeleton (D:5)
  2 orc wizards
  An iguana (D:4)
  4 worker ants
  3 gnolls (D:4)
  4 adders
  An adder zombie (D:5)
  2 worms
  A dart slug (D:1)
  2 leopard geckos
  8 orcs
  7 giant cockroaches
  8 goblins
  6 hobgoblins
  11 jackals
  A quokka (D:2)
  2 ball pythons (D:2)
  6 bats
  4 frilled lizards
  5 kobolds
  14 rats
100 creatures vanquished.

Vanquished Creatures (others)
  2 worker ants (D:4)
  An adder (D:4)
  2 adder skeletons (D:4)
5 creatures vanquished.

Grand Total: 105 creatures vanquished

Notes
Turn   | Place    | Note
-------+----------+-------------------------------------------
     0 | D:1      | t7DKbSm the Minotaur Fighter began the quest for the Orb.
     0 | D:1      | Reached XP level 1. HP: 19/19 MP: 0/0
    65 | D:1      | Reached XP level 2. HP: 24/27 MP: 1/1
   434 | D:2      | Reached skill level 3 in Axes
   434 | D:2      | Reached XP level 3. HP: 20/33 MP: 2/2
   838 | D:2      | You fall through a shaft!
   863 | D:3      | Found a faded altar of an unknown god.
  1119 | D:2      | Reached skill level 1 in Dodging
  1119 | D:2      | Reached XP level 4. HP: 30/40 MP: 3/3
  1431 | D:3      | Reached skill level 4 in Axes
  2023 | D:4      | Reached XP level 5. HP: 36/46 MP: 4/4
  2056 | D:4      | Noticed Edmund
  2058 | D:4      | Noticed an ogre
  2068 | D:4      | Killed Edmund
  2068 | D:4      | Reached skill level 5 in Axes
  2068 | D:4      | Reached skill level 5 in Shields
  2070 | D:4      | Killed an ogre
  2070 | D:4      | Reached XP level 6. HP: 34/53 MP: 5/5
  2192 | D:4      | Noticed Pikel
  2194 | D:4      | Noticed a slave
  2197 | D:4      | Noticed a slave
  2197 | D:4      | Noticed a slave
  2198 | D:4      | Noticed a slave
  2201 | D:4      | Killed Pikel
  2201 | D:4      | Reached skill level 6 in Axes
  2201 | D:4      | Reached skill level 1 in Maces & Flails
  2201 | D:4      | Reached skill level 5 in Armour
  2201 | D:4      | Reached XP level 7. HP: 40/60 MP: 6/6
  2278 | D:4      | Reached skill level 5 in Fighting
  2727 | D:5      | Entered Level 5 of the Dungeon
  2770 | D:5      | Reached skill level 7 in Axes
  2770 | D:5      | Reached XP level 8. HP: 66/68 MP: 7/7
  2887 | D:5      | Noticed Iko's ghost (amateur DDHu)
  2909 | D:5      | Killed Iko's ghost
  2909 | D:5      | Reached skill level 1 in Stealth
  2967 | D:5      | Found a sacrificial altar of Ru.
  3216 | D:5      | Slain by an ogre

Skill      XL: |  1  2  3  4  5  6  7  8 |
---------------+-------------------------+-----
Shields        | 4 5 6 |  6.4
Axes           | 3 4 5 6 7 |  7.2
Fighting       | 4 5 |  5.4
Dodging        | 1 2 |  2.6
Armour         | 4 5 6 |  6.1
Maces & Flails | 1 2 3 |  3.2
Stealth        | 1 |  1.0

Action                   |  1- 3 |  4- 6 |  7- 9 || total
-------------------------+-------+-------+-------++-------
Melee: War axe           |    91 |    45 |       ||   136
       Headbutt          |     6 |     8 |    22 ||    36
       Flail             |       |    12 |    26 ||    38
       Broad axe         |       |       |    91 ||    91
  Use: Scroll            |       |       |     2 ||     2
 Stab: Distracted        |       |       |     1 ||     1
  Eat: Ration            |       |     1 |     1 ||     2
       Chunk             |       |       |     3 ||     3
Armor: Scale mail        |    35 |    21 |    39 ||    95
Dodge: Dodged            |    35 |     9 |    33 ||    77
Block: Shield            |    63 |    28 |    78 ||   169
